Map: Dusty Gorge

Players

LOADBLASTER - Winner!

  • Race: Terran Terran
  • League: Grandmaster
  • Spawn Location: 11:00

PureLegacy - Winner!

  • Race: Terran Terran
  • Spawn Location: 9:00

FoRJumY

  • Race: Protoss Protoss
  • League: Master
  • Spawn Location: 5:00

Oink

  • Race: Terran Terran
  • League: Diamond
  • Spawn Location: 3:00

VOD

Have the link to the VOD?

Description

Time

  • Played on: Dec. 1, 2018, 4:10 p.m.
  • Length: 8:28
Show
View Real Time Build Order
Export as new Build Order

LOADBLASTER Terran - Winner!

Build Orders: Reaper Expand 

Get SALT Encoding   

  12  0:01  SCV  
  13  0:13  SCV  
  14  0:18  Supply Depot  
  14  0:27  SCV  
  15  0:40  SCV  
  15  0:41  Barracks  
  16  0:47  Refinery  
  16  0:52  SCV  
  18  1:04  SCV  
  18  1:16  SCV  
  19  1:30  Orbital Command  
  19  1:31  Reaper  
  20  1:45  Command Center  
  20  1:54  Supply Depot  
  20  1:58  SCV  
  21  2:08  Barracks Tech Lab  
  21  2:09  Refinery  
  21  2:10  SCV  
  22  2:17  Factory  
  22  2:22  SCV  
  23  2:34  SCV  
  24  2:37  Barracks Tech Lab  
  23  2:47  SCV  
  24  2:57  Marauder  
  26  2:58  Orbital Command  
  26  2:59  SCV  
  27  3:09  Mag-Field Accelerator  
  27  3:11  Cyclone, SCV  
  31  3:15  Refinery  
  31  3:23  SCV  
  31  3:25  SCV  
  33  3:29  Factory  
  33  3:35  SCV  
  33  3:37  SCV  
  35  3:45  Cyclone  
  35  3:47  SCV  
  39  3:50  SCV  
  39  3:52  Supply Depot  
  38  3:59  Supply Depot, SCV  
  38  4:02  SCV  
  39  4:11  SCV  
  39  4:14  SCV  
  40  4:17  Cyclone  
  40  4:23  SCV  
  43  4:26  SCV  
  43  4:28  Cyclone  
  47  4:32  Supply Depot  
  47  4:35  SCV  
  47  4:38  SCV  
  49  4:48  SCV  
  49  4:49  Cyclone  
  49  4:50  SCV  
  54  5:00  Cyclone, SCV  
  54  5:02  SCV  
  59  5:09  Command Center  
  59  5:12  SCV  
  60  5:14  SCV  
  61  5:21  Cyclone  
  61  5:24  Refinery, Factory, SCV  
  61  5:27  Supply Depot  
  61  5:28  Supply Depot  
  65  5:30  SCV  
  65  5:32  Cyclone  
  69  5:40  SCV  
  70  5:48  SCV  
  68  5:53  Cyclone  
  68  5:54  SCV  
  69  6:00  SCV  
  70  6:04  Cyclone  
  70  6:06  SCV  
  70  6:08  Factory Tech Lab  
  71  6:12  SCV  
  71  6:14  Factory x2  
  71  6:18  Refinery, SCV  
  72  6:21  Refinery  
  72  6:24  SCV, Orbital Command  
  74  6:26  Cyclone  
  74  6:31  Cyclone, SCV  
  75  6:36  SCV  
  75  6:37  Cyclone  
  79  6:43  SCV  
  80  6:48  Supply Depot x2, SCV  
  81  6:55  SCV x2  
  81  6:58  Cyclone, Factory Tech Lab  
  81  6:59  Factory Tech Lab  
  81  7:00  SCV  
  87  7:03  Cyclone  
  87  7:07  SCV  
  85  7:09  SCV  
  85  7:12  Cyclone  
  85  7:13  SCV  
  90  7:19  SCV  
  90  7:21  Cyclone x2  
  97  7:30  Cyclone, SCV x2, Command Center  
  97  7:36  Cyclone  
  105  7:40  Supply Depot  
  105  7:41  Supply Depot  
  105  7:42  Supply Depot  
  105  7:44  Cyclone  
  108  7:53  Cyclone x2  
  114  8:02  SCV  
  114  8:03  SCV x2  
  120  8:11  Engineering Bay  
  123  8:14  SCV  
  123  8:15  SCV x2  
Show
View Real Time Build Order
Export as new Build Order

PureLegacy Terran - Winner!

Build Orders:  

Get SALT Encoding   

  12  0:02  SCV  
  13  0:14  SCV  
  13  0:20  Supply Depot  
  14  0:26  SCV  
  15  0:35  Refinery  
  15  0:41  SCV  
  16  0:47  Barracks  
  16  0:54  SCV  
  17  1:05  Barracks  
  17  1:19  Barracks  
  17  1:22  SCV  
  18  1:35  Reaper  
  19  1:40  Orbital Command  
  19  1:47  Refinery  
  19  1:56  Reaper  
  20  2:04  Supply Depot  
  20  2:07  Reaper  
  21  2:13  Reaper  
  21  2:14  SCV  
  23  2:29  Supply Depot  
  23  2:33  Reaper  
  23  2:34  SCV  
  25  2:42  Reaper  
  26  2:47  SCV  
  26  2:48  Reaper  
  28  3:04  SCV  
  28  3:05  Reaper  
  30  3:10  Command Center  
  30  3:14  Reaper  
  31  3:20  Reaper  
  31  3:37  Reaper  
  31  3:39  Barracks  
  31  3:40  Barracks  
  32  3:44  SCV  
  32  3:46  Reaper  
  33  3:57  Reaper  
  33  3:59  Engineering Bay, SCV  
  35  4:09  Reaper  
  36  4:11  SCV  
  37  4:19  Reaper  
  37  4:23  Orbital Command  
  38  4:25  Terran Infantry Weapons Level 1  
  38  4:29  SCV  
  38  4:31  Reaper  
  34  4:42  Reaper  
  35  4:47  SCV  
  35  4:51  SCV  
  37  4:56  Missile Turret  
  37  4:57  Missile Turret  
  37  4:59  SCV  
  38  5:02  Reaper  
  38  5:04  SCV  
  39  5:18  Reaper x2  
  39  5:22  SCV x2  
  39  5:26  Refinery, Reaper  
  39  5:28  Refinery  
  42  5:34  SCV x2  
  44  5:36  Reaper  
  43  5:46  Reaper  
  41  5:50  SCV  
  41  5:53  SCV  
  43  6:03  Reaper x2, SCV  
  46  6:06  Reaper  
  46  6:08  SCV  
  48  6:13  Reaper, Command Center  
  48  6:15  SCV  
  51  6:18  Reaper  
  51  6:23  SCV  
  49  6:27  SCV  
  47  6:35  Reaper x2  
  47  6:38  Reaper  
  50  6:41  SCV  
  50  6:45  Reaper  
  52  6:50  Barracks, Reaper  
  52  6:51  Barracks  
  53  7:00  SCV x2  
  54  7:06  Supply Depot  
  54  7:15  Reaper  
  54  7:16  Reaper  
  54  7:22  Reaper x3  
  51  7:29  Barracks x2  
  51  7:30  Barracks  
  51  7:39  Reaper  
  51  7:40  Orbital Command  
  51  7:41  SCV x2  
  51  7:43  Reaper  
  55  7:47  Reaper  
  55  7:48  Reaper  
  57  7:53  SCV x2  
  57  7:54  Reaper x2  
  60  8:15  SCV  
  60  8:16  SCV  
Show
View Real Time Build Order
Export as new Build Order

FoRJumY Protoss 

Build Orders: 1 Gate Expand, Oracle Opening 

Get SALT Encoding   

  12  0:01  Probe  
  13  0:13  Probe  
  14  0:18  Pylon  
  14  0:25  Probe  
  15  0:36  Probe  
  15  0:38  Gateway  
  16  0:44  Probe  
  16  0:46  Assimilator  
  17  0:52  Probe  
  18  1:04  Probe  
  19  1:16  Probe  
  20  1:25  Cybernetics Core  
  20  1:28  Probe  
  21  1:39  Nexus  
  21  1:42  Probe  
  22  1:50  Pylon  
  22  1:55  Assimilator  
  22  2:04  Stalker  
  22  2:14  Probe  
  25  2:23  Stargate  
  25  2:28  Stalker  
  25  2:29  Probe  
  28  2:41  Probe  
  29  2:45  Warp Gate  
  29  2:47  Pylon  
  29  2:51  Probe  
  29  2:53  Probe  
  31  2:59  Oracle  
  31  3:03  Probe  
  32  3:05  Probe  
  36  3:14  Assimilator  
  36  3:17  Probe x2  
  38  3:29  Probe  
  38  3:32  Probe  
  40  3:41  Probe  
  41  3:44  Gateway  
  41  3:45  Gateway  
  41  3:55  Probe  
  42  3:59  Robotics Facility  
  42  4:01  Pylon  
  40  4:19  Probe  
  40  4:21  Phoenix  
  40  4:25  Probe  
  40  4:27  Probe  
  41  4:33  Assimilator  
  41  4:36  Probe  
  41  4:37  Probe, Pylon, Phoenix  
  41  4:38  Immortal  
  44  4:48  Probe  
  44  4:49  Probe  
  52  4:53  Stalker x2  
  52  4:54  Sentry  
  58  5:01  Probe x2, Phoenix  
  58  5:05  Pylon  
  62  5:13  Probe  
  63  5:14  Immortal  
  67  5:25  Gateway  
  67  5:35  Stalker x3  
  65  5:46  Phoenix  
  53  5:58  Stalker  
  53  5:59  Stalker  
  53  6:00  Stalker  
  53  6:02  Immortal  
  59  6:08  Gateway x2, Twilight Council  
  59  6:10  Gateway  
  63  6:11  Phoenix  
  65  6:22  Sentry x2  
  69  6:30  Nexus  
  69  6:32  Immortal, Adept x2  
  63  6:36  Phoenix  
  63  6:39  Charge  
  51  6:45  Stalker  
  50  6:47  Stalker  
  52  6:57  Stalker x2  
  56  7:01  Phoenix  
  56  7:08  Zealot x3  
  53  7:26  Immortal  
  53  7:27  Probe x2  
  55  7:30  Sentry x2  
  57  7:39  Probe x2  
  59  7:44  Probe  
  59  7:50  Sentry  
  60  7:56  Probe  
  61  7:58  Zealot  
  57  8:08  Stalker  
  57  8:09  Zealot  
  51  8:17  Sentry x2  
  55  8:23  Zealot x2  
Show
View Real Time Build Order
Export as new Build Order

Oink Terran 

Build Orders:  

Get SALT Encoding   

  12  0:00  SCV  
  13  0:12  SCV  
  14  0:18  Supply Depot  
  14  0:25  SCV  
  15  0:30  Refinery  
  15  0:39  SCV  
  16  0:46  Barracks  
  16  0:51  SCV  
  17  1:05  Barracks  
  17  1:08  SCV  
  18  1:23  Barracks  
  18  1:33  Orbital Command  
  18  1:37  Reaper  
  19  1:47  Supply Depot  
  19  1:53  Reaper  
  20  1:57  Refinery  
  20  2:02  SCV  
  21  2:10  Reaper  
  21  2:11  Reaper  
  21  2:14  SCV  
  24  2:18  Supply Depot  
  24  2:34  Reaper  
  25  2:42  Reaper  
  25  2:43  SCV  
  27  2:48  Reaper  
  28  2:55  SCV  
  28  2:57  Supply Depot x2  
  29  3:06  Reaper  
  29  3:08  Supply Depot  
  30  3:14  Reaper  
  31  3:20  Reaper  
  32  3:37  Barracks  
  32  3:39  Barracks, Reaper, Supply Depot  
  33  3:46  Reaper  
  32  3:57  Reaper  
  32  4:00  SCV  
  33  4:11  Reaper  
  33  4:12  SCV  
  35  4:19  Reaper  
  36  4:24  SCV  
  36  4:29  Reaper  
  38  4:33  Command Center  
  35  4:43  Reaper x2  
  35  4:44  Reaper  
  35  4:45  SCV  
  35  4:57  SCV  
  36  5:02  Supply Depot x2  
Tags
 
Add a new tag
Caveats
  • Supply blocks, unpowered buildings, or Contaminate may cause inaccurate times.
  • Supply counts are checked every 10 seconds.